 Dungeon Crawl Stone Soup version 0.31-a0-618-g7ca08c1ff9 (webtiles) character file.

Game seed: 4970367602818097351

46122 Twinkles the Warrior (level 14, -4/219 HPs)
             Began as a Minotaur Berserker on Aug 22, 2023.
             Was a High Priest of Trog.
             Killed from afar by a lindwurm (11 damage)
             ... with a blast of flame
             ... while petrified by a catoblepas
             ... on level 5 of the Lair of Beasts.
             The game lasted 00:23:29 (16692 turns).

Twinkles the Warrior (Minotaur Berserker)          Turns: 16692, Time: 00:23:29

Health: -4/219     AC: 27    Str: 25    XL:     14   Next: 3%
Magic:  13/13      EV:  2    Int:  4    God:    Trog [*****.]
Gold:   1196       SH:  0    Dex: 12    Spells: 13/13 levels left

rFire   . . .        O - +2 war axe (flame)
rCold   . . .        v - +0 kite shield
rNeg    + + +        Q - melded +0 acid dragon scales
rPois   ∞            (helmet currently unavailable)
rElec   .            I - melded +1 cloak
rCorr   .            (gloves currently unavailable)
SInv    .            (boots currently unavailable)
Will    +++++        l - amulet of the acrobat
Stlth   +            R - ring of willpower
HPRegen 1.56/turn    g - ring of willpower
MPRegen 0.13/turn

%: acrobat
@: brilliant, tree-form, petrified, strong-willed (expiring), on berserk
cooldown, regenerating (expiring), slowed
A: stationary, stasis, torment immunity, boosted hp, (horns 2), (retaliatory
headbutt)
a: Renounce Religion, Berserk, Trog's Hand, Brothers in Arms


You were on level 5 of the Lair of Beasts.
You worshipped Trog.
Trog was extremely pleased with you.
You were a tree.
You visited 2 branches of the dungeon, and saw 14 of its levels.
You also visited: Sewer.

You collected 1415 gold pieces.
You spent 219 gold pieces at shops.

Inventory:

Hand Weapons
 M - a +2 war axe of freezing
 O - a +2 war axe of flaming (weapon)
 X - a +1 antimagic battleaxe
Missiles
 k - 3 throwing nets
 m - 21 poisoned darts
 p - 15 boomerangs
 K - 5 curare-tipped darts
Armour
 v - a +0 kite shield (worn)
 w - +1 steam dragon scales
 I - a +1 cloak (melded)
 Q - +0 acid dragon scales (melded)
 T - a +3 leather armour
 V - the +2 ring mail of Action {Regen+ rCorr Dex-3}
   (You found it on level 2 of the Lair of Beasts)

   Dex-3:     It affects your dexterity (-3).
   Regen+:    It increases your rate of health regeneration.
   rCorr:     It protects you from acid and corrosion.
Jewellery
 g - a ring of willpower (right branch)
 l - an amulet of the acrobat (around neck)
 r - a ring of resist corrosion
 s - a +5 ring of evasion
 R - a ring of willpower (left branch)
Wands
 e - a wand of charming (4)
 i - a wand of iceblast (2)
 j - a wand of polymorph (3)
 q - a wand of flame (9)
 y - a wand of mindburst (4)
 W - a wand of light (1)
Scrolls
 a - a scroll of noise {unknown}
 d - 2 scrolls of vulnerability {unknown}
 h - 4 scrolls of teleportation {unknown}
 n - a scroll of immolation {unknown}
 x - a scroll of acquirement {unknown}
 z - a scroll of brand weapon {unknown}
 C - 2 scrolls of enchant weapon {unknown}
 D - 4 scrolls of blinking
 E - 2 scrolls of fear
 F - 3 scrolls of fog
 H - 3 scrolls of enchant armour {unknown}
 L - 2 scrolls of summoning {unknown}
 N - 2 scrolls of poison {unknown}
 S - a scroll of revelation {unknown}
 Y - 2 scrolls of amnesia {unknown}
 Z - 8 scrolls of identify
Potions
 b - 3 potions of magic {unknown}
 c - 3 potions of might {unknown}
 f - 2 potions of enlightenment {unknown}
 o - 3 potions of mutation {unknown}
 t - 3 potions of resistance {unknown}
 u - 2 potions of haste {unknown}
 A - 2 potions of cancellation {unknown}
 B - 4 potions of brilliance
 G - 3 potions of ambrosia
 J - 6 potions of curing
 P - 4 potions of lignification
 U - 2 potions of invisibility {unknown}


   Skills:
 + Level 19.3 Fighting
 + Level 19.3 Axes
 - Level 3.4 Armour
 - Level 3.1 Dodging
 - Level 10.0 Shields


You had 13 spell levels left.
You didn't know any spells.
Your spell library was empty.

Dungeon Overview and Level Annotations

Branches:
Dungeon (9/15) Zot: 25967  Temple (0/1) D:4            Lair (5/5) D:8 Zot: 22063
  Swamp (0/4) Lair:2       Spider (0/4) Lair:2        Slime (0/5) Lair:5
  Sewer (visited)
    Orc: D:9-12

Altars:
Ashenzari
Dithmenos
Elyvilon
Fedhas
Gozag
Kikubaaqudgha
Nemelex Xobeh
Okawaru
Ru
Sif Muna
Vehumet
Wu Jian
Xom
Yredelemnul
Zin
The Shining One

Shops:
D:1 ([:?

Annotations:
D:5 1 runed translucent door
D:6 3 runed translucent doors, 1 exclusion, olddryhag's ghost, novice FoVM


Innate Abilities, Weirdness & Mutations

You are a tree.
Your roots penetrate the ground, keeping you stationary.
You cannot be teleported.
You are immune to unholy pain and torment.
Your maximum health is greatly increased.
You are immune to poison.
Your equipment is partially melded.
((You have a pair of horns on your head.))
((You reflexively headbutt those who attack you in melee.))


Message History

* * * LOW HITPOINT WARNING * * *
You turn to wood and can move again.
Okay, then.
Unknown command.
Unknown command.
As you read the scroll of fear, it crumbles to dust.
You assume a fearsome visage.
The lindwurm looks frightened!
The catoblepas easily resists.
The catoblepas gores you!
* * * LOW HITPOINT WARNING * * *
You feel better.
The catoblepas breathes a plume of calcifying dust at you.
The blast of calcifying dust hits you but does no damage.
The catoblepas gores you but does no damage.
You slash the catoblepas! You burn the catoblepas.
The catoblepas is moderately wounded.
You are engulfed in calcifying dust.
The catoblepas gores you but does no damage.
You hit the catoblepas but do no damage.
The catoblepas is moderately wounded.
You are engulfed in calcifying dust.
You are slowing down.
You feel the effects of Trog's Hand fading.
You block the catoblepas's attack.
You barely miss the catoblepas.
The catoblepas is moderately wounded.
You are engulfed in calcifying dust.
Your limbs have turned to stone.
The catoblepas gores you but does no damage.
The catoblepas gores you!!
* * * LOW HITPOINT WARNING * * *
You have turned to stone.
You are engulfed in calcifying dust.
The catoblepas gores you!
* * * LOW HITPOINT WARNING * * *
You are engulfed in calcifying dust.
The lindwurm seems to regain its courage.
The catoblepas breathes a plume of calcifying dust at you.
The blast of calcifying dust hits you!
* * * LOW HITPOINT WARNING * * *
The lindwurm breathes flames at you. The blast of flame hits you!!
You die...

#.....###..##.#
####..##..# ......#
####### ######## .....##
P.##### ###.P.## ##.###
..P..## ####....... ###
.....# ##..........
#####....####.....#.#.#.
#........§##......#.†.#.
#.k.#...§.###P..#.#...##
#......♣###.###†......#.
######Y..#......†#######
#P....#...#....P##...
#.........#.....##...
##....#####....###...
#.#... ....## #...
##..P.. ..P..# #...
#####.P.##### #### ###
## #####


You could see a catoblepas and a lindwurm (catching breath).

Vanquished Creatures
  Nessos (Lair:4)
  5 hydras
  A catoblepas (Lair:4)
  7 death yaks
  Sonja (Lair:1)
  2 skysharks
  A bog body (Lair:2)
  2 lindwurms
  A deep elf pyromancer (D:8)
  2 elephants
  A manticore (Lair:5)
  10 black mambas
  Joseph (Lair:1)
  3 rime drakes
  2 torpor snails
  15 cane toads
  Maggie (D:9)
  11 komodo dragons
  A queen bee (Lair:1)
  21 blink frogs
  8 dream sheep
  30 yaks
  Grum (D:9)
  4 wyverns
  3 steam dragons
  4 basilisks
  3 redbacks (Lair:2)
  An acid dragon (D:9)
  24 water moccasins
  An orc warrior (D:9)
  An ice beast (D:7)
  3 black bears
  3 sky beasts
  An ogre (D:6)
  18 wolves
  2 centaurs
  2 phantoms
  Blork the orc (D:5)
  2 kobold brigands (Sewer)
  19 bullfrogs
  2 scorpions
  A wight (D:6)
  31 killer bees
  5 hounds
  Crazy Yiuf (D:6)
  7 jellies
  3 orc priests
  2 sleepcaps
  An iguana (D:6)
  2 orc wizards
  7 hell rats (Lair:4)
  3 gnolls
  2 river rats (Sewer)
  15 adders
  A shadow imp (D:5)
  A white imp (D:6)
  2 worms
  A dart slug (D:1)
  19 orcs
  2 bats (D:1)
  10 endoplasms
  7 giant cockroaches
  10 goblins
  3 hobgoblins (D:1)
  11 jackals
  7 quokkas
  11 ball pythons
  2 frilled lizards
  A goblin skeleton (D:5)
  A jackal zombie (D:5)
  12 kobolds
  9 rats
412 creatures vanquished.

Notes
Turn   | Place    | Note
-------+----------+-------------------------------------------
     0 | D:1      | Twinkles the Minotaur Berserker began the quest for the
                  | Orb.
     0 | D:1      | Reached XP level 1. HP: 19/19 MP: 0/0
    27 | D:1      | Found Nitsaxan's Magic Scroll Emporium.
    46 | D:1      | Found Vosanih Zueh's Book Boutique.
    99 | D:1      | Reached XP level 2. HP: 27/27 MP: 1/1
   463 | D:1      | Reached XP level 3. HP: 33/33 MP: 2/2
   484 | D:1      | Found Hyure's Antique Armour Shoppe.
   608 | D:1      | Found Cyephext's Weapon Boutique.
   887 | D:2      | Reached ** piety under Trog
   888 | D:2      | Reached XP level 4. HP: 41/41 MP: 3/3
  1946 | D:3      | Found an ancient bone altar of Kikubaaqudgha.
  2152 | D:3      | Found a radiant altar of Vehumet.
  2157 | D:3      | Reached XP level 5. HP: 42/47 MP: 4/4
  2232 | D:3      | Reached skill level 5 in Fighting
  2251 | D:3      | Reached skill level 5 in Axes
  2308 | D:3      | Found a sacrificial altar of Ru.
  2340 | D:3      | Found a broken altar of Ashenzari.
  2640 | D:4      | Noticed a black bear
  2657 | D:4      | Killed a black bear
  2658 | D:4      | Reached skill level 1 in Shields
  2768 | D:4      | Reached XP level 6. HP: 47/56 MP: 5/5
  3109 | D:4      | Found a staircase to the Ecumenical Temple.
  3197 | D:5      | Entered Level 5 of the Dungeon
  3308 | D:5      | Reached *** piety under Trog
  3629 | D:5      | Found a runed translucent door.
  3629 | D:5      | Noticed a human
  3635 | D:5      | Found a basalt altar of Yredelemnul.
  3778 | D:5      | Noticed Blork the orc
  3791 | D:5      | Killed Blork the orc
  4253 | D:6      | Reached XP level 7. HP: 58/63 MP: 6/6
  4377 | D:6      | Reached skill level 5 in Shields
  4379 | D:6      | Reached XP level 8. HP: 73/73 MP: 7/7
  4452 | D:6      | Found a runed translucent gate.
  4452 | D:6      | Found a runed translucent gate.
  4452 | D:6      | Found a runed translucent gate.
  4453 | D:6      | Noticed olddryhag's ghost (novice FoVM)
  4462 | D:6      | Found a glowing golden altar of the Shining One.
  4470 | D:6      | Found a glowing silver altar of Zin.
  4470 | D:6      | Found a shadowy altar of Dithmenos.
  4470 | D:6      | Found a white marble altar of Elyvilon.
  4472 | D:6      | Found a sparkling altar of Nemelex Xobeh.
  4472 | D:6      | Found a shimmering blue altar of Sif Muna.
  4473 | D:6      | Found a blossoming altar of Fedhas.
  4504 | D:6      | Found a glowing drain.
  4556 | Sewer    | Entered a sewer
  5105 | Sewer    | Reached **** piety under Trog
  5635 | D:6      | Found a runed translucent door.
  5636 | D:6      | Noticed Crazy Yiuf
  6099 | D:1      | Bought a +2 war axe of freezing for 219 gold pieces
  6273 | D:6      | Killed Crazy Yiuf
  6355 | D:7      | Found a shimmering altar of Xom.
  6390 | D:7      | Reached XP level 9. HP: 83/83 MP: 8/8
  6653 | D:7      | Found an ornate altar of the Wu Jian Council.
  6839 | D:7      | Found an iron altar of Okawaru.
  7083 | D:8      | Noticed an elephant
  7096 | D:8      | Killed an elephant
  7099 | D:8      | Reached skill level 10 in Fighting
  7101 | D:8      | Reached skill level 10 in Axes
  7221 | D:8      | Noticed a deep elf pyromancer
  7225 | D:8      | Killed a deep elf pyromancer
  7279 | D:8      | Found an opulent altar of Gozag.
  7395 | D:8      | Reached XP level 10. HP: 88/94 MP: 9/9
  7568 | D:8      | Found a staircase to the Lair.
  7842 | D:9      | Noticed Maggie
  7852 | D:9      | HP: 27/94 [Maggie/bolt of fire (21)]
  7855 | D:9      | Killed Maggie
  8162 | D:9      | Noticed Grum
  8172 | D:9      | Killed Grum
  8173 | D:9      | Reached skill level 10 in Shields
  8698 | Lair:1   | Entered Level 1 of the Lair of Beasts
  8701 | Lair:1   | Noticed Sonja
  8817 | Lair:1   | Killed Sonja
  8885 | Lair:1   | Noticed a cane toad
  8888 | Lair:1   | Noticed a cane toad
  8891 | Lair:1   | Killed a cane toad
  8893 | Lair:1   | Killed a cane toad
  8933 | Lair:1   | Noticed a cane toad
  8940 | Lair:1   | Killed a cane toad
  8989 | Lair:1   | Reached XP level 11. HP: 61/105 MP: 10/10
  9460 | Lair:1   | Noticed Joseph
  9473 | Lair:1   | Killed Joseph
  9865 | Lair:1   | Reached ***** piety under Trog
 10412 | Lair:2   | Noticed a death yak
 10425 | Lair:2   | Killed a death yak
 10531 | Lair:2   | Noticed an eight-headed hydra
 10538 | Lair:2   | Killed a five-headed hydra
 10548 | Lair:2   | Reached skill level 15 in Fighting
 10555 | Lair:2   | Reached skill level 15 in Axes
 10555 | Lair:2   | Reached XP level 12. HP: 63/119 MP: 11/11
 10955 | Lair:2   | Found a hole to the Spider Nest.
 11050 | Lair:2   | Identified the +2 ring mail of Action {Regen+ rCorr Dex-3}
 11378 | Lair:2   | Found a staircase to the Swamp.
 11709 | Lair:2   | HP: 30/122 [lindwurm/blast of flame (28)]
 11947 | Lair:2   | Noticed a five-headed hydra
 11957 | Lair:2   | Killed a two-headed hydra
 12332 | Lair:3   | Received a gift from Trog
 12927 | Lair:3   | Reached XP level 13. HP: 96/132 MP: 12/12
 13475 | Lair:4   | HP: 39/133 [skyshark (6)]
 13810 | Lair:4   | Noticed Nessos
 13824 | Lair:4   | HP: 55/199 [Nessos (5)]
 13826 | Lair:4   | Killed Nessos
 13829 | Lair:4   | HP: 38/199 [poisoned by Nessos]
 13834 | Lair:4   | HP: 32/199 [poisoned by Nessos]
 13839 | Lair:4   | HP: 23/134 [poisoned by Nessos]
 15369 | Lair:5   | Entered Level 5 of the Lair of Beasts
 15757 | Lair:4   | HP: 29/136 [death yak (15)]
 15764 | Lair:4   | HP: 20/136 [death yak (24)]
 16162 | Lair:5   | Found a staircase to the Slime Pits.
 16526 | Lair:5   | Reached XP level 14. HP: 135/146 MP: 13/13
 16669 | Lair:5   | HP: 41/146 [catoblepas/blast of calcifying dust (7)]
 16674 | Lair:5   | HP: 24/219 [lindwurm/blast of flame (21)]
 16675 | Lair:5   | HP: 7/219 [catoblepas (12)]
 16676 | Lair:5   | HP: 1/219 [lindwurm (6)]
 16682 | Lair:5   | HP: 23/219 [catoblepas (9)]
 16686 | Lair:5   | HP: 8/219 [catoblepas (8)]
 16691 | Lair:5   | HP: 9/219 [catoblepas (5)]
 16692 | Lair:5   | Killed from afar by a lindwurm

Illustrated notes

Levels and vault maps discovered:
D:1:      reono_arrival_mine, layout_loops_ring, serial_shops, shop, shop,
          shop_fountains, shop, roderic_roman_lattice
D:2:      layout_loops_ring, kennysheep_decorative_pillar
D:3:      layout_rooms, mainiacjoe_overflow_boulevard,
          mainiacjoe_overflow_two_lobes, mainiacjoe_overflow_paths
D:4:      layout_cave_pools, minmay_temple_entry_mist
D:5:      layout_loops_corners, dk_yredelemnul_ordeal,
          ebering_dispersal_statue_hall, uniq_blork_the_orc
D:6:      minmay_recursive_quarters, layout_cave_pools,
          grunt_temple_overflow_open, gup_sewer_entry_glass,
          ebering_ghost_rock_garden, uniq_crazy_yiuf_cottage
D:7:      layout_loops_ring, mainiacjoe_overflow_six_doors_small,
          amcnicky_altar_gilded, mainiacjoe_overflow_tiny_flanked
D:8:      layout_cave_pools, lemuel_crystal_altar, david_lair_generic,
          kennysheep_nondescript, guppyfry_early_elven_hall
D:9:      layout_irregular_city, uniq_grum, uniq_maggie
Lair:1:   layout_misc_corridors, special_room [special_room_bee], uniq_sonja,
          uniq_joseph
Lair:2:   nzn_winding_woodlands_stair_cross
          [nzn_winding_woodlands_5x15_split_checker,
          nzn_winding_woodlands_center_lodge, nzn_winding_woodlands_5x15_eye,
          nzn_winding_woodlands_5x5_open_star, nzn_winding_woodlands_5x5_cross,
          nzn_winding_woodlands_5x15_parted,
          nzn_winding_woodlands_center_garden,
          nzn_winding_woodlands_5x15_crooked], layout_regular_city,
          skrybe_swamp_entry_bodies, spider_nest_entry_webs
Lair:3:   layout_loops_ring, grunt_megastairs_5
Lair:4:   layout_cave_pods, serial_bayou_pond_e, uniq_nessos
Lair:5:   hangedman_lair_in_review, layout_cave_pods,
          nicolae_slime_entry_slimehenge, minivault_23

Skill      XL: |  1  2  3  4  5  6  7  8  9 10 11 12 13 |
---------------+----------------------------------------+-----
Axes           | 4 5 6 7 8 10 12 15 17 19 | 19.3
Fighting       | 4 5 6 7 9 10 12 15 17 19 | 19.3
Armour         | 3 |  3.4
Dodging        | 3 |  3.1
Shields        | 2 3 5 7 9 10 | 10.0

Action                     |  1- 3 |  4- 6 |  7- 9 | 10-12 | 13-15 || total
---------------------------+-------+-------+-------+-------+-------++-------
  Melee: Hand axe          |    67 |   160 |   155 |       |       ||   382
         Headbutt          |    11 |    27 |    35 |    80 |    46 ||   199
         Punch             |       |     1 |       |       |       ||     1
         War axe           |       |       |    56 |   395 |   245 ||   696
  Throw: Dart              |       |       |       |       |     1 ||     1
 Invoke: Berserk           |       |     2 |     6 |    12 |     7 ||    27
         Trog's Hand       |       |       |       |     4 |     5 ||     9
    Use: Scroll            |       |       |       |       |     5 ||     5
         Potion            |       |       |       |       |     6 ||     6
 Armour: Animal skin       |    12 |     6 |       |       |       ||    18
         Ring mail         |       |    19 |    29 |       |       ||    48
         Leather armour    |       |       |    20 |     9 |       ||    29
         Acid dragon scale |       |       |       |    72 |    47 ||   119
         Skin              |       |       |       |       |    35 ||    35
  Dodge: Dodged            |    38 |    85 |    91 |   158 |   100 ||   472
  Block: Kite shield       |       |    30 |    97 |   209 |   136 ||   472

Table legend: (Time is in decaauts)
 A = Elapsed time spent in this place.
 B = Non-inter-level travel time spent in this place.
 C = Inter-level travel time spent in this place.
 D = Time resting spent in this place.
 E = Time spent auto-exploring this place.
 F = Levels seen in this place.
 G = Mean time per level.
                   A        B        C        D        E       F      G
               +--------+--------+--------+--------+--------+-----+--------+
         Total |  16985 |  16226 |    759 |   1313 |  12386 |  15 | 1132.3 |
       Dungeon |   8125 |   7466 |    659 |    284 |   5903 |   9 |  902.8 |
          Lair |   7935 |   7836 |     99 |    926 |   5849 |   5 | 1587.0 |
         Sewer |    923 |    923 |      0 |    103 |    633 |   1 |  923.0 |
               +--------+--------+--------+--------+--------+-----+--------+

Top non-repeatable levels by time:
  Lair:2: 2166 daAuts
  Lair:3: 1784 daAuts
  Lair:4: 1709 daAuts
  Lair:1: 1312 daAuts
     D:5: 1084 daAuts
     D:2: 1073 daAuts
  Lair:5: 963 daAuts
     D:6: 948 daAuts
     D:7: 939 daAuts
     D:1: 939 daAuts
   Sewer: 923 daAuts
     D:9: 908 daAuts
     D:8: 860 daAuts
     D:3: 720 daAuts
     D:4: 651 daAuts
